 Dungeon Crawl Stone Soup version bcrawl-1.12-10-g10a67aac0f (webtiles) character file.

Game seed: 5804530481376007635

2283 Hercules1031 the Covert (level 9, -1/88 HPs)
             Began as a Dusk Walker Rogue on June 15, 2019.
             Was an Initiate of Dithmenos.
             Slain by a troll (12 damage)
             ... on level 6 of the Dungeon.
             The game lasted 00:18:08 (4855 turns).

Hercules1031 the Covert (Dusk Walker Rogue)         Turns: 4855, Time: 00:18:09

Health: -1/88      AC: 12    Str: 17    XL:     9   Next: 16%
Magic:  10/10      EV: 13    Int: 12    God:    Dithmenos [......]
Gold:   639        SH:  0    Dex: 17    Spells: 8/8 levels left

rFire    . . .     SeeInvis .   a - +2 dagger
rCold    + . .     Gourm    .   (no shield)
rNeg     . . .     Faith    .   u - +2 ring mail {MR+}
rPois    .         Spirit   .   (no helmet)
rElec    .         Reflect  .   d - +0 cloak
rCorr    .         Harm     .   (no gloves)
MR       ++...                  (no boots)
Stlth    ..........             (no amulet)
HPRegen  0.00/turn              (no ring)
MPRegen  0.12/turn              (no ring)

@: berserking, very quick
A: draining touch, unencumbered stealth, fangs 3, slimy green scales 2, cold
resistance 1, nightstalker 1, inhibited regeneration
a: Renounce Religion


You were on level 6 of the Dungeon.
You worshipped Dithmenos.
Dithmenos was noncommittal.
You were full.

You visited 2 branches of the dungeon, and saw 7 of its levels.
You also visited: Sewer and Ossuary.

You collected 639 gold pieces.

Inventory:

Hand Weapons
 a - a +2 dagger (weapon)
 b - a +0 blowgun
 v - a +0 long sword of venom
Missiles
 e - 643 poisoned needles
Armour
 c - a +0 robe
 d - a +0 cloak (worn)
 i - a +0 ring mail
 q - a cursed +0 plate armour
 u - a +2 ring mail of magic resistance (worn)
Wands
 f - a wand of flame (15)
 g - a wand of enslavement (15)
 E - a wand of random effects (6)
Scrolls
 j - 6 scrolls of identify
 k - 2 scrolls of enchant armour {unknown}
 l - 12 scrolls of teleportation
 m - 3 scrolls of remove curse {unknown}
 n - 3 scrolls of immolation {unknown}
 o - a scroll of fear {unknown}
 r - 4 scrolls of magic mapping {unknown}
 s - a scroll of blinking {unknown}
 y - a scroll of amnesia {unknown}
 C - a scroll of noise {unknown}
 F - a scroll of enchant weapon {unknown}
Potions
 p - 2 potions of cancellation {unknown}
 t - 3 potions of agility
 w - a potion of lignification {unknown}
 x - a potion of flight {unknown}
 A - 6 potions of brilliance
 D - 2 potions of invisibility
Comestibles
 h - a ration {!d}


   Skills:
 + Level 4.7 Fighting
 + Level 6.3 Short Blades
 - Level 1.5 Throwing
 + Level 5.1 Armour
 + Level 4.7 Dodging
 * Level 12.5 Stealth
 - Level 2.0 Evocations


You had 8 spell levels left.
You didn't know any spells.
Your spell library contained the following spells:

 Spells                   Type           Power        Failure   Level  Hunger
 Magic Dart               Conj           #...         50%         1    ##.....
 Slow                     Hex            #.......     50%         1    ##.....
 Blink                    Tloc           N/A          65%         2    ###....
 Call Imp                 Summ           #.......     65%         2    ###....
 Conjure Flame            Conj/Fire      #.......     86%         3    ####...
 Mephitic Cloud           Conj/Pois/Air  #.......     86%         3    ####...


Dungeon Overview and Level Annotations

Branches:
Dungeon (6/12)             Temple (1/1) D:6

Altars:
Ashenzari
Cheibriados
Dithmenos
Elyvilon
Fedhas
Gozag
Hepliaklqana
Kikubaaqudgha
Lugonu
Makhleb
Nemelex Xobeh
Okawaru
Qazlal
Ru
Trog
Uskayaw
Vehumet
Wu Jian
Xom
Yredelemnul
Zin
The Shining One


Innate Abilities, Weirdness & Mutations

Your attacks drain your enemies.
You move stealthily even while encumbered by armour.
You have razor-sharp teeth.
You are slightly more attuned to the shadows.
You are mostly covered in slimy green scales. (AC +3)
Your flesh is cold resistant. (rC+)
You do not regenerate when monsters are visible.


Message History

You feel better.
The worker ant bites you but does no damage.
The troll bites you.
* * * LOW HITPOINT WARNING * * *
The troll claws you but does no damage. x2
It was a potion of berserk rage.
A red film seems to cover your vision as you go berserk!
You feel yourself moving faster!
You feel mighty! The worker ant barely misses you. The troll barely misses you.
The troll misses you. The troll barely misses you.
Unknown command.
Unknown command.
You hit the worker ant.
You bite the worker ant, but do no damage.
The worker ant is severely wounded.
The worker ant misses you.
You barely miss the worker ant.
The worker ant is severely wounded.
The troll bites you but does no damage. The troll claws you!
You die...

..#.##......
#..#...#.#..#.#..
#..#........#.##.###
#......>...##..#.###
#.................#.
#..............†...
#..................
###aT.........###...
#..@..........#.....
#...................
##............###...
#.##...<......#....
## #.##.......#....
#..##............
#.##.............
..............
..............


You could see a troll and a worker ant.

Vanquished Creatures
  Pikel (D:6)
  A hippogriff (D:6)
  A hungry ghost (D:6)
  An orc warrior (D:6)
  A sky beast (D:6)
  A phantom (D:4)
  2 ogres (D:6)
  2 centaurs
  A crocodile (D:6)
  A big kobold (Sewer)
  A scorpion (D:6)
  A howler monkey (D:2)
  2 hounds
  A quasit (D:5)
  A bullfrog skeleton (D:6)
  2 orc priests
  2 orc wizards
  Jessica (D:2)
  3 worker ants
  A hound zombie (D:4)
  8 mummies (Ossuary)
  6 adders
  A shadow imp (D:6)
  5 oozes
  4 worms
  5 dart slugs
  9 leopard geckos
  28 orcs
  4 ball pythons
  7 giant cockroaches
  2 gnoll zombies (Ossuary)
  3 goblins
  2 hobgoblins
  11 jackals
  4 quokkas
  6 bats
  11 frilled lizards
  3 hobgoblin zombies (Ossuary)
  21 kobolds
  A kobold zombie (Ossuary)
  2 orc zombies (Ossuary)
  10 rats
180 creatures vanquished.

Vanquished Creatures (others)
  2 slaves (D:6)
  A scorpion (D:6)
  An orc priest (D:6)
  An orc wizard (D:6)
  A dart slug (D:6)
  2 orcs (D:6)
8 creatures vanquished.

Grand Total: 188 creatures vanquished

Notes
Turn   | Place    | Note
-------+----------+-------------------------------------------
     0 | D:1      | Hercules1031 the Dusk Walker Rogue began the quest for the
                  | Orb.
     0 | D:1      | Reached XP level 1. HP: 11/11 MP: 2/2
   100 | D:1      | Reached XP level 2. HP: 13/18 MP: 3/3
   305 | D:1      | Reached skill level 7 in Stealth
   305 | D:1      | Reached XP level 3. HP: 17/22 MP: 4/4
   341 | D:1      | Reached skill level 1 in Fighting
   360 | D:1      | Reached skill level 1 in Armour
   431 | D:1      | Reached skill level 1 in Dodging
  1087 | D:2      | Noticed Jessica
  1095 | D:2      | Gained mutation: You are slightly more attuned to the
                  | shadows. [Dusk Walker growth]
  1095 | D:2      | Reached XP level 4. HP: 21/28 MP: 5/5
  1100 | D:2      | Killed Jessica
  1415 | D:3      | Reached XP level 5. HP: 34/34 MP: 6/6
  1561 | D:3      | Reached skill level 8 in Stealth
  2150 | D:4      | Noticed a centaur
  2162 | D:4      | Killed a centaur
  2162 | D:4      | Reached XP level 6. HP: 35/39 MP: 7/7
  2170 | D:4      | Found a glowing drain.
  2193 | Sewer    | Entered a sewer
  2277 | Sewer    | Reached skill level 9 in Stealth
  2668 | D:4      | Reached XP level 7. HP: 27/45 MP: 8/8
  3240 | D:5      | Entered Level 5 of the Dungeon
  3317 | D:5      | Reached skill level 10 in Stealth
  3455 | D:5      | Found a shimmering altar of Xom.
  3626 | D:5      | Found a sand-covered staircase.
  3635 | Ossuary  | Entered an ossuary
  4023 | D:6      | Noticed a hippogriff
  4025 | D:6      | Noticed Pikel
  4049 | D:6      | Killed Pikel
  4049 | D:6      | Reached skill level 5 in Short Blades
  4049 | D:6      | Reached skill level 11 in Stealth
  4049 | D:6      | Gained mutation: You have razor-sharp teeth. [Dusk Walker
                  | growth]
  4049 | D:6      | Reached XP level 8. HP: 34/54 MP: 9/9
  4071 | D:6      | Found a staircase to the Ecumenical Temple.
  4100 | Temple   | Entered the Ecumenical Temple
  4108 | Temple   | Became a worshipper of Dithmenos the Shadowed
  4239 | D:6      | Killed a hippogriff
  4326 | D:6      | Reached skill level 12 in Stealth
  4455 | D:6      | Reached XP level 9. HP: 36/59 MP: 10/10
  4756 | D:6      | Reached skill level 5 in Armour
  4843 | D:6      | Noticed a troll
  4851 | D:6      | Gained mutation: You are partially covered in slimy green
                  | scales. (AC +2) [potion of mutation]
  4851 | D:6      | Gained mutation: You do not regenerate when monsters are
                  | visible. [potion of mutation]
  4851 | D:6      | Gained mutation: Your flesh is cold resistant. (rC+)
                  | [potion of mutation]
  4851 | D:6      | Gained mutation: You are mostly covered in slimy green
                  | scales. (AC +3) [potion of mutation]
  4855 | D:6      | Slain by a troll

Skill      XL: |  1  2  3  4  5  6  7  8  9 |
---------------+----------------------------+-----
Stealth        | 7 8 9 11 12 | 12.5
Fighting       | 1 2 4 |  4.7
Armour         | 1 2 4 5 |  5.1
Dodging        | 1 2 3 4 |  4.7
Short Blades   | 3 4 5 6 |  6.3
Throwing       | |  1.5
Evocations     | |  2.0

Action                   |  1- 3 |  4- 6 |  7- 9 || total
-------------------------+-------+-------+-------++-------
Melee: Dagger            |   116 |   207 |   327 ||   650
       Bite              |    10 |    22 |    43 ||    75
  Use: Scroll            |     2 |       |       ||     2
       Potion            |       |     4 |    17 ||    21
 Stab: Sleeping          |    14 |    16 |    12 ||    42
  Eat: Ration            |     1 |     1 |     6 ||     8
       Chunk             |       |       |     3 ||     3
Armor: Ring mail         |    40 |    82 |    89 ||   211
Dodge: Dodged            |    34 |   124 |   168 ||   326
